| TOP OF THE 1ST |
|
Charleston RiverDogs batting - Pitching for Burlington Bees : RHP Dave Thomas
|
|
Pitching: RHP Dave Thomas
|
|
|
Batting: RHB Luwen Storm
|
0-0: Foul Ball, location: 2F 0-1: Ball 1-1: Ball 2-1: Ground out 6-3 (Groundball, 6, EV 85.6 MPH)
|
|
Batting: RHB James Boynton
|
0-0: Foul Ball, location: 2F 0-1: Ball 1-1: Ball 2-1: Foul Ball, location: 2F 2-2: Ball 3-2: Fly out, F4 (Popup, 4, EV 66.2 MPH)
|
|
Batting: LHB Matt Steinke
|
0-0: Called Strike 0-1: Ball 1-1: Ground out 4-3 (Groundball, 4, EV 107.5 MPH)
|
| Top of the 1st over - 0 runs, 0 hits, 0 errors, 0 left on base; Charleston 0 - Burlington 0 |
| BOTTOM OF THE 1ST |
|
Burlington Bees batting - Pitching for Charleston RiverDogs : RHP Colin Stone
|
|
Pitching: RHP Colin Stone
|
|
|
Batting: RHB Jonathan Ellis
|
0-0: Ball 1-0: Ball 2-0: Called Strike 2-1: Ball 3-1: Fly out, F7 (Flyball, 7D, EV 88.1 MPH)
|
|
Batting: RHB Ryan Munro
|
0-0: Called Strike 0-1: Foul Ball, location: 2F 0-2: Ball 1-2: DOUBLE (Flyball, 8RD, EV 98.1 MPH)
|
|
Batting: LHB Rusty Ney
|
0-0: Ground out 6-3 (Groundball, 6, EV 81.9 MPH)
|
|
Batting: LHB Bill Kirtley
|
0-0: Called Strike 0-1: Swinging Strike 0-2: Ball 1-2: Ball 2-2: Foul Ball, location: 2F 2-2: Ball 3-2: Strikes out swinging
|
| Bottom of the 1st over - 0 runs, 1 hit, 0 errors, 1 left on base; Charleston 0 - Burlington 0 |
| TOP OF THE 2ND |
|
Charleston RiverDogs batting - Pitching for Burlington Bees : RHP Dave Thomas
|
|
Batting: SHB Reagan Dudley
|
0-0: Foul Ball, location: 2F 0-1: Called Strike 0-2: Fly out, F8 (Flyball, 78M, EV 68.8 MPH)
|
|
Batting: SHB Mike Goad
|
0-0: Ground out 4-3 (Groundball, 4, EV 90.6 MPH)
|
|
Batting: LHB Eddie Ramirez
|
0-0: Fly out, F9 (Flyball, 9S, EV 86.9 MPH)
|
| Top of the 2nd over - 0 runs, 0 hits, 0 errors, 0 left on base; Charleston 0 - Burlington 0 |
| BOTTOM OF THE 2ND |
|
Burlington Bees batting - Pitching for Charleston RiverDogs : RHP Colin Stone
|
|
Batting: LHB Jorge Zermeno
|
0-0: Fly out, F8 (Flyball, 8LD, EV 100.6 MPH)
|
|
Batting: RHB Greg Burdine
|
0-0: Foul Ball, location: 2F 0-1: Swinging Strike 0-2: Strikes out swinging
|
|
Batting: RHB Ben Herman
|
0-0: Foul Ball, location: 2F 0-1: Ball 1-1: Foul Ball, location: 2F 1-2: Ground out 4-3 (Groundball, 4, EV 106.2 MPH)
|
| Bottom of the 2nd over - 0 runs, 0 hits, 0 errors, 0 left on base; Charleston 0 - Burlington 0 |
| TOP OF THE 3RD |
|
Charleston RiverDogs batting - Pitching for Burlington Bees : RHP Dave Thomas
|
|
Batting: RHB Miguel Leal
|
0-0: Called Strike 0-1: Called Strike 0-2: Ball 1-2: Strikes out swinging
|
|
Batting: RHB Nick Massengale
|
0-0: Foul Ball, location: 2F 0-1: Fly out, F4 (Flyball, 34D, EV 84.4 MPH)
|
|
Batting: RHB Carlos Guadarrama
|
0-0: Called Strike 0-1: Called Strike 0-2: Ball 1-2: Ball 2-2: Ball 3-2: Strikes out swinging
|
| Top of the 3rd over - 0 runs, 0 hits, 0 errors, 0 left on base; Charleston 0 - Burlington 0 |
| BOTTOM OF THE 3RD |
|
Burlington Bees batting - Pitching for Charleston RiverDogs : RHP Colin Stone
|
|
Batting: SHB Tim Connell
|
0-0: Ball 1-0: Ball 2-0: Foul Ball, location: 2F 2-1: Called Strike 2-2: Ball 3-2: Base on Balls
|
|
Batting: RHB Rob Bly
|
0-0: Ball 1-0: Ball 2-0: Foul Ball, location: 2F 2-1: SINGLE (Groundball, 6MD, EV 95.6 MPH) Tim Connell to second Runner from 2nd tries for 3rd, OUT! 8-5
|
|
Batting: RHB Jonathan Ellis
|
0-0: Ball 1-0: Called Strike 1-1: Grounds into double play, 4-6-3 (Groundball, 4M, EV 104.4 MPH)
|
| Bottom of the 3rd over - 0 runs, 1 hit, 0 errors, 0 left on base; Charleston 0 - Burlington 0 |
| TOP OF THE 4TH |
|
Charleston RiverDogs batting - Pitching for Burlington Bees : RHP Dave Thomas
|
|
Batting: RHB Luwen Storm
|
0-0: Called Strike 0-1: Foul Ball, location: 2F 0-2: Fly out, F8 (Line Drive, 8LD, EV 90.0 MPH)
|
|
Batting: RHB James Boynton
|
0-0: Called Strike 0-1: SINGLE (Flyball, 34D, EV 91.9 MPH)
|
|
Batting: LHB Matt Steinke
|
0-0: Swinging Strike 0-1: Called Strike James Boynton steals 2nd base 0-2: Foul Ball, location: 2F 0-2: Foul Ball, location: 2F 0-2: Strikes out looking
|
|
Batting: SHB Reagan Dudley
|
0-0: Foul Ball, location: 2F 0-1: Foul Ball, location: 2F 0-2: Ball 1-2: Foul Ball, location: 2F 1-2: Ground out U3 (Groundball, 3L, EV 82.5 MPH)
|
| Top of the 4th over - 0 runs, 1 hit, 0 errors, 1 left on base; Charleston 0 - Burlington 0 |
| BOTTOM OF THE 4TH |
|
Burlington Bees batting - Pitching for Charleston RiverDogs : RHP Colin Stone
|
|
Batting: RHB Ryan Munro
|
0-0: SINGLE (Flyball, 3D, EV 90.6 MPH)
|
|
Batting: LHB Rusty Ney
|
0-0: Ball 1-0: Swinging Strike 1-1: Ball 2-1: DOUBLE (Line Drive, 9LD, EV 98.8 MPH) Ryan Munro to third
|
|
Batting: LHB Bill Kirtley
|
0-0: Ball 1-0: Ball 2-0: Called Strike 2-1: Swinging Strike 2-2: Foul Ball, location: 2F 2-2: Foul Ball, location: 2F 2-2: Strikes out swinging
|
|
Batting: LHB Jorge Zermeno
|
0-0: Ball 1-0: Fly out, F9 (Flyball, 9S, EV 87.5 MPH)
|
|
Batting: RHB Greg Burdine
|
0-0: Ground out 4-3 (Groundball, 34, EV 86.2 MPH)
|
| Bottom of the 4th over - 0 runs, 2 hits, 0 errors, 2 left on base; Charleston 0 - Burlington 0 |
| TOP OF THE 5TH |
|
Charleston RiverDogs batting - Pitching for Burlington Bees : RHP Dave Thomas
|
|
Batting: SHB Mike Goad
|
0-0: SINGLE (Line Drive, 5L, EV 100.0 MPH)
|
|
Batting: LHB Eddie Ramirez
|
0-0: Ground out U3 (Groundball, 3, EV 87.5 MPH) Mike Goad to second
|
|
Batting: RHB Miguel Leal
|
0-0: Ball 1-0: Called Strike 1-1: Ball 2-1: Foul Ball, location: 2F 2-2: Reached on error, E5 (Groundball, 5S, EV 66.2 MPH) Mike Goad to third
|
|
Batting: RHB Nick Massengale
|
0-0: Called Strike Miguel Leal steals 2nd base 0-1: Ball 1-1: Reached on error, E5 (Groundball, 56S, EV 80.6 MPH) Mike Goad scores Miguel Leal scores
|
|
Batting: RHB Carlos Guadarrama
|
0-0: Ball 1-0: Called Strike 1-1: Ball Nick Massengale steals 3rd base 2-1: Ball 3-1: Foul Ball, location: 2F 3-2: Strikes out swinging
|
|
Batting: RHB Luwen Storm
|
0-0: Ball 1-0: Foul Ball, location: 2F 1-1: Foul Ball, location: 2F 1-2: Foul Ball, location: 2F 1-2: Ball 2-2: Ball 3-2: Fly out, F8 (Flyball, 8RS, EV 92.5 MPH)
|
| Top of the 5th over - 2 runs, 1 hit, 2 errors, 1 left on base; Charleston 2 - Burlington 0 |
| BOTTOM OF THE 5TH |
|
Burlington Bees batting - Pitching for Charleston RiverDogs : RHP Colin Stone
|
|
Batting: RHB Ben Herman
|
0-0: Ball 1-0: Ball 2-0: Ground out U3 (Groundball, 34, EV 103.1 MPH)
|
|
Batting: SHB Tim Connell
|
0-0: Called Strike 0-1: Foul Ball, location: 2F 0-2: Foul Ball, location: 2F 0-2: Foul Ball, location: 2F 0-2: Ball 1-2: Foul Ball, location: 2F 1-2: SINGLE (Groundball, 4D, EV 94.4 MPH)
|
|
Batting: RHB Rob Bly
|
0-0: Ball 1-0: Called Strike 1-1: Ball 2-1: Ball 3-1: Base on Balls Tim Connell to second
|
|
Batting: RHB Jonathan Ellis
|
0-0: Ball 1-0: Foul Ball, location: 2F 1-1: Called Strike 1-2: SINGLE (Groundball, 34, EV 104.4 MPH) (infield hit) Tim Connell to third Rob Bly to second
|
|
Batting: RHB Ryan Munro
|
0-0: Called Strike 0-1: Swinging Strike Passed Ball! Tim Connell scores Rob Bly to third Jonathan Ellis to second 0-2: Ball 1-2: Ball 2-2: Ball 3-2: Base on Balls
|
|
Batting: LHB Rusty Ney
|
0-0: Called Strike 0-1: Ball 1-1: Ball 2-1: Fielders Choice at 2nd, 4-6 (Groundball, 4M, EV 104.4 MPH) Rob Bly scores Jonathan Ellis to third
|
|
Batting: LHB Bill Kirtley
|
0-0: Ball 1-0: Ball 2-0: Ball 3-0: Called Strike 3-1: Base on Balls Rusty Ney to second
|
|
Batting: LHB Jorge Zermeno
|
0-0: Called Strike 0-1: Ball 1-1: Foul Ball, location: 2F 1-2: Ball 2-2: Ball 3-2: Ground out 4-3 (Groundball, 34, EV 81.9 MPH)
|
| Bottom of the 5th over - 2 runs, 2 hits, 0 errors, 3 left on base; Charleston 2 - Burlington 2 |
| TOP OF THE 6TH |
|
Charleston RiverDogs batting - Pitching for Burlington Bees : RHP Dave Thomas
|
|
Batting: RHB James Boynton
|
0-0: Called Strike 0-1: Swinging Strike 0-2: Ball 1-2: Foul Ball, location: 2F 1-2: Ball 2-2: Fly out, F4 (Flyball, 34D, EV 88.8 MPH)
|
|
Batting: LHB Matt Steinke
|
0-0: Called Strike 0-1: Ball 1-1: Swinging Strike 1-2: Foul Ball, location: 2F 1-2: SINGLE (Line Drive, 78S, EV 99.4 MPH)
|
|
Batting: SHB Reagan Dudley
|
0-0: Called Strike 0-1: Ball Wild Pitch! Matt Steinke to second 1-1: Ground out U3 (Groundball, 34, EV 87.5 MPH) Matt Steinke to third
|
|
Batting: SHB Mike Goad
|
0-0: Foul Ball, location: 2F 0-1: Ball 1-1: SINGLE (Groundball, 4D, EV 102.5 MPH) Matt Steinke scores
|
|
Pitching: RHP Trece Hunter
|
|
|
Batting: LHB Eddie Ramirez
|
0-0: Ball 1-0: Ground out 1-3 (Groundball, 23, EV 63.8 MPH)
|
| Top of the 6th over - 1 run, 2 hits, 0 errors, 1 left on base; Charleston 3 - Burlington 2 |
| BOTTOM OF THE 6TH |
|
Burlington Bees batting - Pitching for Charleston RiverDogs : RHP Colin Stone
|
|
Pitching: RHP Brandon Lemay
|
|
|
Batting: RHB Greg Burdine
|
0-0: Ball 1-0: Called Strike 1-1: Ball 2-1: Foul Ball, location: 2F 2-2: SINGLE (Groundball, 34D, EV 100.6 MPH)
|
|
Batting: RHB Ben Herman
|
0-0: Ball Greg Burdine is caught stealing 2nd base 2-4 1-0: Ball 2-0: Foul Ball, location: 2F 2-1: Called Strike 2-2: Strikes out looking
|
|
Batting: SHB Tim Connell
|
0-0: Ball 1-0: Ball 2-0: Called Strike 2-1: Ball 3-1: Foul Ball, location: 2F 3-2: Foul Ball, location: 2F 3-2: Base on Balls
|
|
Batting: RHB Rob Bly
|
0-0: Called Strike 0-1: Called Strike 0-2: Ball 1-2: Ground out 5-3 (Groundball, 56S, EV 81.2 MPH)
|
| Bottom of the 6th over - 0 runs, 1 hit, 0 errors, 1 left on base; Charleston 3 - Burlington 2 |
| TOP OF THE 7TH |
|
Charleston RiverDogs batting - Pitching for Burlington Bees : RHP Trece Hunter
|
|
Batting: RHB Miguel Leal
|
0-0: Ball 1-0: Foul Ball, location: 2F 1-1: Swinging Strike 1-2: Ball 2-2: Strikes out swinging
|
|
Batting: RHB Nick Massengale
|
0-0: Called Strike 0-1: Ball 1-1: Ball 2-1: Ball 3-1: Fly out, F8 (Flyball, 89D, EV 96.9 MPH)
|
|
Batting: RHB Carlos Guadarrama
|
0-0: Foul Ball, location: 2F 0-1: Called Strike 0-2: Ball 1-2: Ball 2-2: Ground out 2-3 (Groundball, 2L, EV 66.9 MPH)
|
| Top of the 7th over - 0 runs, 0 hits, 0 errors, 0 left on base; Charleston 3 - Burlington 2 |
| BOTTOM OF THE 7TH |
|
Burlington Bees batting - Pitching for Charleston RiverDogs : RHP Brandon Lemay
|
|
Batting: RHB Jonathan Ellis
|
0-0: Foul Ball, location: 2F 0-1: Foul Ball, location: 2F 0-2: Ball 1-2: SINGLE (Flyball, 8LS, EV 85.6 MPH)
|
|
Batting: RHB Ryan Munro
|
0-0: Ball Jonathan Ellis steals 2nd base 1-0: Swinging Strike 1-1: Swinging Strike 1-2: Ball 2-2: Strikes out looking
|
|
Batting: LHB Rusty Ney
|
0-0: Called Strike 0-1: Foul Ball, location: 2F 0-2: Foul Ball, location: 2F 0-2: Ground out 6-3 (Groundball, 6, EV 110.0 MPH)
|
|
Batting: LHB Bill Kirtley
|
0-0: Ball 1-0: Called Strike 1-1: Ball 2-1: Called Strike 2-2: Strikes out swinging
|
| Bottom of the 7th over - 0 runs, 1 hit, 0 errors, 1 left on base; Charleston 3 - Burlington 2 |
| TOP OF THE 8TH |
|
Charleston RiverDogs batting - Pitching for Burlington Bees : RHP Trece Hunter
|
|
Batting: RHB Luwen Storm
|
0-0: Called Strike 0-1: Ball 1-1: Ball 2-1: Foul Ball, location: 2F 2-2: Foul Ball, location: 2F 2-2: Ball 3-2: Foul Ball, location: 2F 3-2: Ground out 4-3 (Groundball, 4, EV 78.8 MPH)
|
|
Batting: RHB James Boynton
|
0-0: Foul Ball, location: 2F 0-1: Ball 1-1: Ball 2-1: Called Strike 2-2: Strikes out looking
|
|
Pitching: LHP Jose Rivera
|
|
|
Batting: LHB Matt Steinke
|
0-0: Ball 1-0: Swinging Strike 1-1: Foul Ball, location: 2F 1-2: Ball 2-2: Ground out 5-3 (Groundball, 56, EV 80.6 MPH)
|
| Top of the 8th over - 0 runs, 0 hits, 0 errors, 0 left on base; Charleston 3 - Burlington 2 |
| BOTTOM OF THE 8TH |
|
Burlington Bees batting - Pitching for Charleston RiverDogs : RHP Brandon Lemay
|
|
Pitching: RHP Gabe Pomales
|
|
|
Now at 1B: Luwen Storm
|
|
|
Now at 2B: Mike Goad
|
|
|
Now in LF: Tony Saenz
|
|
|
Batting: LHB Jorge Zermeno
|
0-0: Called Strike 0-1: SOLO HOME RUN (Flyball, 89XD, EV 108.1 MPH), Distance : 404 ft
|
|
Batting: RHB Greg Burdine
|
0-0: Called Strike 0-1: Ball 1-1: Ball 2-1: Foul Ball, location: 2F 2-2: Ball 3-2: Foul Ball, location: 2F 3-2: Foul Ball, location: 2F 3-2: Reached on error, E5 (Groundball, 5, EV 85.6 MPH)
|
|
Batting: RHB Ben Herman
|
0-0: Ball 1-0: SINGLE (Line Drive, 9LS, EV 109.4 MPH) Greg Burdine to third
|
|
Batting: SHB Tim Connell
|
0-0: Fly out, F8 (Flyball, 8RM, EV 83.1 MPH) Runner from 3rd tags up, SCORES, throw by CF
|
|
Batting: RHB Rob Bly
|
0-0: Ball Ben Herman is caught stealing 2nd base 2-4 1-0: Called Strike 1-1: Ground out 6-3 (Groundball, 6, EV 88.1 MPH)
|
| Bottom of the 8th over - 2 runs, 2 hits, 1 error, 0 left on base; Charleston 3 - Burlington 4 |
| TOP OF THE 9TH |
|
Charleston RiverDogs batting - Pitching for Burlington Bees : LHP Jose Rivera
|
|
Batting: SHB Reagan Dudley
|
0-0: Foul Ball, location: 2F 0-1: Ball 1-1: Foul Ball, location: 2F 1-2: Ball 2-2: Foul Ball, location: 2F 2-2: Fly out, F9 (Flyball, 89M, EV 92.5 MPH)
|
|
Batting: SHB Mike Goad
|
0-0: Called Strike 0-1: Called Strike 0-2: Strikes out swinging
|
|
Pinch Hitting: RHB Tim Nordahl
|
0-0: Ground out 4-3 (Groundball, 4S, EV 85.0 MPH)
|
| Top of the 9th over - 0 runs, 0 hits, 0 errors, 0 left on base; Charleston 3 - Burlington 4 |
|